 Dungeon Crawl Stone Soup version 0.27.0 (webtiles) character file.

Game seed: 8592986439623221156

746 ZARRMARR the Cudgeller (level 7, -2/44 HPs)
             Began as a Gargoyle Berserker on July 30, 2021.
             Was a Believer of Trog.
             Killed by nerve-wracking pain
             ... invoked by an orc priest
              (5 damage)
             ... on level 4 of the Dungeon.
             The game lasted 00:21:18 (4423 turns).

ZARRMARR the Cudgeller (Gargoyle Berserker)         Turns: 4423, Time: 00:21:19

Health: -2/44      AC:  7    Str: 22    XL:     7   Next: 77%
Magic:  7/7        EV: 12    Int:  8    God:    Trog [**....]
Gold:   87         SH:  0    Dex:  9    Spells: 6/6 levels left

rFire    . . .     SeeInvis .   a - +0 mace (flame)
rCold    . . .     Faith    .   (no shield)
rNeg     + . .     Spirit   .   b - +0 animal skin
rPois    ∞         Reflect  .   (no helmet)
rElec    +         Harm     .   (no cloak)
rCorr    .         Rampage  .   (no gloves)
Will     .....                  (no boots)
Stlth    ++........             (no amulet)
HPRegen  0.14/turn              (no ring)
MPRegen  0.10/turn              (no ring)

@: on berserk cooldown, slowed, very slow
A: sickness immunity, AC +4, negative energy resistance 1, electricity
resistance, torment resistance 1, petrification resistance
a: Renounce Religion, Berserk, Trog's Hand


You were on level 4 of the Dungeon.
You worshipped Trog.
Trog was pleased with you.
You visited 1 branch of the dungeon, and saw 4 of its levels.

You collected 159 gold pieces.
You spent 72 gold pieces at shops.

Inventory:

Hand Weapons
 a - a +0 mace of flaming (weapon)
Missiles
 c - 131 stones (quivered)
Armour
 b - a +0 animal skin (worn)
Wands
 h - a wand of flame (11)
Scrolls
 f - 2 scrolls of blinking
 i - a scroll of silence
 j - a scroll of holy word
Potions
 d - 2 potions of curing


   Skills:
 + Level 5.2 Fighting
 + Level 5.7 Maces & Flails
 + Level 2.6 Throwing
 + Level 2.4 Armour
 + Level 3.2 Dodging
 + Level 2.9 Stealth


You had 6 spell levels left.
You didn't know any spells.
Your spell library contained the following spells:

 Spells                   Type           Power      Damage    Failure   Level
 Chain Lightning          Conj/Air       0%         N/A       100%        9
 Fire Storm               Conj/Fire      0%         5d1       100%        9


Dungeon Overview and Level Annotations

Branches:
Dungeon (4/15)
 Temple: D:4-7

Altars:
Elyvilon

Shops:
D:2 ?

Annotations:
D:4 Menkaure


Innate Abilities, Weirdness & Mutations

You are immune to sickness and miasma.
Your stone body is resilient. (AC +4)
You are immune to poison.
You resist negative energy. (rN+)
You are resistant to electric shocks. (rElec)
You are resistant to unholy torment.
You are immune to petrification.


Message History

Trog accepts your kill.
Trog appreciates your killing of a magic user.
You hit the adder zombie. You burn the adder zombie.
The adder zombie is lightly damaged.
The adder zombie bites you but does no damage.
You closely miss the adder zombie.
The adder zombie is lightly damaged.
The adder zombie misses you.
You sock the adder zombie! You burn the adder zombie.
You destroy the adder zombie!
Trog accepts your kill.
You are no longer berserk.
You are exhausted.
You feel yourself slow down.
You hit the orc priest. You burn the orc priest.
The orc priest is moderately wounded.
The orc priest barely misses you. The orc priest closely misses you.
You barely miss the orc priest.
The orc priest is moderately wounded.
You hear the rusting of a drain very nearby.
The orc priest hits you but does no damage.
You hit the orc priest but do no damage.
The orc priest is moderately wounded.
The orc priest hits you with a +0 flail!
The orc priest closely misses you.
You hit the orc priest. You burn the orc priest.
The orc priest is moderately wounded.
The orc priest mumbles some strange prayers to Beogh against you.
Beogh smites you!
The orc priest calls down the wrath of Beogh upon you.
Beogh smites you!
* * * LOW HITPOINT WARNING * * *
You hit the orc priest. You burn the orc priest.
The orc priest is severely wounded.
The orc priest barely misses you. The orc priest misses you.
You hit the orc priest but do no damage.
The orc priest is severely wounded.
The orc priest invokes the aid of Beogh against you.
Pain shoots through your body!
You die...

#.###..............
#.#.....#########..
#####...##.## ###
#......##### #
#......# # .
#$...### ... #....#
##
.....#....#######
#.
..........o@....#
#.
....##....#######
#. . . #....... ##.
##..Z.o... #..
#.........< ##.
#.......o.. #.
#........o. ##
..........Z #


You could see an orc priest.

Vanquished Creatures
  Grinder (D:3)
  Edmund (D:4)
  A phantom (D:4)
  2 water moccasin zombies (D:4)
  A scorpion zombie (D:4)
  An orc wizard (D:4)
  A hound zombie (D:4)
  A hound skeleton (D:4)
  A howler monkey zombie (D:4)
  6 adders
  An ufetubus (D:2)
  2 adder skeletons (D:4)
  3 adder zombies (D:4)
  A worm (D:2)
  3 dart slugs
  2 orcs (D:4)
  4 bats
  6 endoplasms
  A giant cockroach (D:2)
  2 goblins
  9 hobgoblins
  2 jackals (D:3)
  2 quokkas
  3 ball pythons
  A frilled lizard (D:2)
  6 kobolds
  7 rats
71 creatures vanquished.

Notes
Turn   | Place    | Note
-------+----------+-------------------------------------------
     0 | D:1      | ZARRMARR the Gargoyle Berserker began the quest for the
                  | Orb.
     0 | D:1      | Reached XP level 1. HP: 14/14 MP: 1/1
   125 | D:1      | Reached XP level 2. HP: 16/19 MP: 2/2
   995 | D:1      | Reached XP level 3. HP: 23/24 MP: 3/3
  1283 | D:2      | Found a faded altar of an unknown god.
  1463 | D:2      | Found Wen Irik's Magic Scroll Shoppe.
  1473 | D:2      | Bought a scroll of identify for 24 gold pieces
  1473 | D:2      | Bought a scroll of identify for 24 gold pieces
  1885 | D:2      | Reached skill level 1 in Throwing
  1885 | D:2      | Reached XP level 4. HP: 26/29 MP: 4/4
  2124 | D:2      | Reached skill level 1 in Stealth
  2475 | D:2      | Reached ** piety under Trog
  2762 | D:2      | Bought a scroll of identify for 24 gold pieces
  2896 | D:3      | Found a white marble altar of Elyvilon.
  3043 | D:3      | Noticed Grinder
  3048 | D:3      | Paralysed by Grinder for 4 turns
  3062 | D:3      | Killed Grinder
  3063 | D:3      | Reached XP level 5. HP: 16/34 MP: 5/5
  3063 | D:3      | Reached XP level 6. HP: 18/39 MP: 6/6
  4244 | D:4      | Reached skill level 5 in Maces & Flails
  4290 | D:4      | Reached XP level 7. HP: 36/44 MP: 7/7
  4371 | D:4      | Noticed Menkaure
  4388 | D:4      | Noticed Edmund
  4409 | D:4      | Killed Edmund
  4410 | D:4      | Reached skill level 5 in Fighting
  4421 | D:4      | HP: 2/44 [orc priest/divine providence (13)]
  4423 | D:4      | Killed from afar by an orc priest

Illustrated notes

Levels and vault maps discovered:
D:1:      minmay_arrival_stair_chambers, layout_loops_ring
D:2:      layout_loops_corners, serial_shops, shop,
          chequers_ecumenical_altar_simple, minmay_increasing_density
D:3:      layout_basic, old_standard_altar, uniq_grinder
D:4:      layout_rooms, okawaru_trees_2, gup_sewer_entry_spiral, serial_undead,
          serial_undead_a, serial_undead_c, serial_undead_a, serial_undead_a,
          serial_undead_d, serial_undead_e, serial_undead_d, serial_undead_c,
          uniq_edmund, uniq_menkaure

Skill      XL: |  1  2  3  4  5  6  7 |
---------------+----------------------+-----
Fighting       | 4 5 |  5.2
Throwing       | 1 2 |  2.6
Stealth        | 2 |  2.9
Dodging        | 2 3 |  3.2
Maces & Flails | 4 5 |  5.7
Armour         | |  2.4

Action                   |  1- 3 |  4- 6 |  7- 9 || total
-------------------------+-------+-------+-------++-------
Melee: Mace              |    79 |   117 |    56 ||   252
Throw: Stone             |    46 |    63 |       ||   109
Invok: Berserk           |     1 |     6 |     2 ||     9
       Trog's Hand       |       |       |     1 ||     1
  Use: Scroll            |     4 |     3 |       ||     7
       Potion            |       |       |     1 ||     1
 Stab: Sleeping          |     5 |     1 |       ||     6
Armor: Animal skin       |    35 |    44 |    24 ||   103
Dodge: Dodged            |    43 |    95 |    48 ||   186
